 Dungeon Crawl Stone Soup version 0.25.1-2-g60ff931df9 (webtiles) character file.

Game seed: 16632131213462107608

795 protoss039 the Thaumaturge (level 7, -8/37 HPs)
             Began as a Deep Elf Earth Elementalist on Aug 9, 2020.
             Was an Initiate of Sif Muna.
             Blown up by Pikel (19 damage)
             ... with a disintegration bolt
             ... on level 6 of the Dungeon.
             The game lasted 00:11:15 (7419 turns).

protoss039 the Thaumaturge (DEEE)                   Turns: 7419, Time: 00:11:16

Health: -8/37      AC:  4    Str:  5    XL:     7   Next: 58%
Magic:  1/20       EV: 13    Int: 22    God:    Sif Muna [......]
Gold:   279        SH:  0    Dex: 15    Spells: 7/22 levels left

rFire    + . .     SeeInvis .   v - +3 dagger (venom)
rCold    + . .     Gourm    .   (no shield)
rNeg     . . .     Faith    .   c - +0 robe
rPois    .         Spirit   .   l - +0 helmet
rElec    .         Reflect  .   w - scarf {rC+ rF+}
rCorr    .         Harm     .   (no gloves)
MR       .....                  o - +0 pair of boots
Stlth    ++........             (no amulet)
HPRegen  0.12/turn              (no ring)
MPRegen  0.17/turn              (no ring)

@: no status effects
A: no striking features
a: Renounce Religion


You were on level 6 of the Dungeon.
You worshipped Sif Muna.
Sif Muna was noncommittal.
You were hungry.

You visited 2 branches of the dungeon, and saw 7 of its levels.

You collected 279 gold pieces.

Inventory:

Hand Weapons
 v - a +3 dagger of venom (weapon)
Missiles
 b - 192 stones (quivered)
Armour
 c - a +0 robe (worn)
 l - a +0 helmet (worn)
 o - a +0 pair of boots (worn)
 w - a scarf of resistance (worn)
Wands
 A - a wand of paralysis (2)
Scrolls
 e - 3 scrolls of identify {unknown}
 i - 2 scrolls of random uselessness {unknown}
 k - 2 scrolls of fear {unknown}
 n - 3 scrolls of noise {unknown}
 p - 2 scrolls of teleportation {unknown}
 q - a scroll of enchant armour {unknown}
 t - a scroll of magic mapping {unknown}
 u - a scroll of amnesia {unknown}
 y - 2 scrolls of remove curse {unknown}
Potions
 a - 2 potions of ambrosia {unknown}
 f - a potion of cancellation {unknown}
 g - a potion of mutation {unknown}
 h - a potion of invisibility {unknown}
 j - 5 potions of brilliance {unknown}
 m - 2 potions of heal wounds {unknown}
 r - 2 potions of curing {unknown}
 s - a potion of haste {unknown}
 x - a potion of flight {unknown}
Comestibles
 d - 4 rations


   Skills:
 * Level 0.7 Fighting
 - Level 3.0 Dodging
 - Level 3.0 Stealth
 + Level 8.3 Spellcasting
 + Level 0.8 Conjurations
 - Level 1.1 Transmutations
 + Level 6.7 Earth Magic
 * Level 0.8 Invocations


You had 7 spell levels left.
You knew the following spells:

 Your Spells              Type           Power        Failure   Level  Hunger
a - Sandblast             Erth           #####.       1%          1    None
b - Passwall              Tmut/Erth      ####....     2%          2    None
c - Stone Arrow           Conj/Erth      ####..       4%          3    None
d - Petrify               Tmut/Erth      ####....     14%         4    ###....
e - Lee's Rapid Deconstr  Erth           #####.....   12%         5    #####..

Your spell library contained the following spells:

 Spells                   Type           Power        Failure   Level  Hunger
 Freeze                   Ice            #...         8%          1    None
 Frozen Ramparts          Ice            #.....       22%         3    None
 Ozocubu's Armour         Chrm/Ice       #.......     22%         3    None
 Hailstorm                Conj/Ice       ##......     52%         4    ###....
 Summon Ice Beast         Ice/Summ       #.......     58%         4    ###....


Dungeon Overview and Level Annotations

Branches:
Dungeon (6/15)             Temple (1/1) D:4

Altars:
Ashenzari
Dithmenos
Fedhas
Gozag
Hepliaklqana
Kikubaaqudgha
Okawaru
Qazlal
Ru
Sif Muna
Trog
Vehumet
Wu Jian
Xom
Yredelemnul
Zin
The Shining One

Annotations:
D:3 1 runed translucent door, NebNelluc's ghost, amateur DrAr
D:6 Pikel


Message History

You closely miss Pikel.
Pikel is heavily wounded.
Pikel closely misses you.
Unknown command.
You hit Pikel but do no damage.
Pikel is heavily wounded.
Pikel misses you.
Unknown command.
You hit Pikel but do no damage.
Pikel is poisoned.
Pikel is heavily wounded.
Pikel zaps a wand.
You are blasted!
* * * LOW HITPOINT WARNING * * *
Unknown command.
Unknown command.
Unknown command.
Unknown command.
Unknown command.
Pikel zaps a wand.
You are blasted!
Ouch! That really hurt!
You die...

#.....#.## #.....).. ..
#....... .## #......# ...# ##
#......####..##.#
#........#..#...###
#...K##..#..#.....#
#....###.........# ##..@##
#.........##
##.....#####......... .#
#.......###.......... ...
#....#...##..........
###.###.#.###...#..........
........#.# #..............
..........###..............
...........................#
.#............##.......##....


You could see Pikel (resistant, poisoned).

Vanquished Creatures
  4 slaves (D:6)
  An ogre (D:4)
  A centaur (D:5)
  A bullfrog (D:6)
  A scorpion (D:5)
  A howler monkey (D:4)
  2 crimson imps
  A centaur skeleton (D:4)
  A hound (D:5)
  3 orc wizards
  A hound zombie (D:6)
  Robin (D:3)
  6 gnolls
  8 adders
  4 oozes
  An adder skeleton (D:5)
  A worm (D:3)
  A dart slug (D:2)
  A leopard gecko (D:6)
  10 orcs
  3 ball pythons
  4 giant cockroaches
  15 goblins
  5 hobgoblins
  6 jackals
  7 kobolds
  A quokka (D:3)
  3 bats
  A frilled lizard (D:3)
  A quokka skeleton (D:3)
  7 rats
  A bush (D:5)
104 creatures vanquished.

Notes
Turn   | Place    | Note
-------+----------+-------------------------------------------
     0 | D:1      | protoss039 the Deep Elf Earth Elementalist began the quest
                  | for the Orb.
     0 | D:1      | Reached XP level 1. HP: 10/10 MP: 6/6
   248 | D:1      | Reached XP level 2. HP: 3/15 MP: 0/8
  1508 | D:2      | Reached XP level 3. HP: 19/19 MP: 8/10
  1622 | D:2      | Found an ancient bone altar of Kikubaaqudgha.
  1996 | D:2      | Learned a level 2 spell: Passwall
  2000 | D:2      | Learned a level 3 spell: Stone Arrow
  2446 | D:3      | Found a runed translucent door.
  2446 | D:3      | Noticed NebNelluc's ghost (amateur DrAr)
  2450 | D:3      | Reached skill level 4 in Spellcasting
  2859 | D:3      | Reached XP level 4. HP: 24/24 MP: 5/12
  2998 | D:3      | Found a glowing silver altar of Zin.
  3421 | D:3      | Noticed Robin
  3425 | D:3      | Reached skill level 5 in Spellcasting
  3470 | D:3      | Killed Robin
  3470 | D:3      | Reached XP level 5. HP: 10/28 MP: 0/14
  3836 | D:3      | Reached skill level 5 in Earth Magic
  4538 | D:3      | Learned a level 4 spell: Petrify
  4544 | D:3      | Learned a level 5 spell: Lee's Rapid Deconstruction
  4594 | D:4      | Reached skill level 6 in Spellcasting
  4735 | D:4      | Reached XP level 6. HP: 32/32 MP: 12/17
  4896 | D:4      | Found a staircase to the Ecumenical Temple.
  4955 | Temple   | Entered the Ecumenical Temple
  5200 | Temple   | Became a worshipper of Sif Muna the Loreminder
  5368 | D:4      | Reached skill level 7 in Spellcasting
  5752 | D:4      | Found a glowing golden altar of the Shining One.
  6130 | D:5      | Entered Level 5 of the Dungeon
  6379 | D:5      | Reached XP level 7. HP: 36/36 MP: 15/20
  6865 | D:5      | Reached skill level 8 in Spellcasting
  7314 | D:6      | Noticed Pikel
  7419 | D:6      | Blown up by Pikel

Illustrated notes

Levels and vault maps discovered:
D:1:      dpeg_arrival_arbitrary_a, layout_loops_ring,
          chequers_serial_rivers_small_3, moated_statue
D:2:      layout_basic, lemuel_coloured_pillars_altar
D:3:      layout_loops_corners, zin_statuary, gammafunk_ghost_grave, uniq_robin
D:4:      layout_basic, tso_metal_star, minmay_temple_entry_grid, first_ration,
          wad_floor_pattern_2
D:5:      layout_loops_cross, kb_lookout_dungeons_type
D:6:      layout_cave_pools, marbit_many_paths, uniq_sigmund, uniq_pikel
Temple:   minmay_temple_curvy_branch

Skill      XL: |  1  2  3  4  5  6  7 |
---------------+----------------------+-----
Stealth        | 3 |  3.0
Dodging        | 3 |  3.0
Earth Magic    | 4 5 6 |  6.7
Spellcasting   | 4 5 6 7 8 |  8.3
Fighting       | |  0.7
Conjurations   | |  0.8
Transmutations | |  1.1
Invocations    | |  0.8

Action                   |  1- 3 |  4- 6 |  7- 9 || total
-------------------------+-------+-------+-------++-------
Melee: Short sword       |    58 |    12 |       ||    70
       Dagger            |       |     7 |    37 ||    44
 Cast: Sandblast         |    42 |    77 |    17 ||   136
       Stone Arrow       |       |     8 |    28 ||    36
       Lee's Rapid Decon |       |       |     1 ||     1
Evoke: Wand              |       |       |     3 ||     3
 Stab: Sleeping          |     5 |     2 |       ||     7
  Eat: Chunk             |     5 |    10 |     1 ||    16
       Ration            |       |       |     1 ||     1
Armor: Robe              |    12 |     9 |       ||    21
Dodge: Dodged            |    51 |    32 |     7 ||    90
